 Dungeon Crawl Stone Soup version 0.20.1-1-g8b1a95d (webtiles) character file.

121 Irenicus the Chopper (level 4, -2/40 HPs)
             Began as a Deep Dwarf Monk on Oct 27, 2017.
             Killed by divine providence
             ... invoked by an orc priest
              (12 damage)
             ... on level 3 of the Dungeon.
             The game lasted 00:05:16 (1659 turns).

Irenicus the Chopper (Deep Dwarf Monk)              Turns: 1659, Time: 00:05:19

Health: -2/40      AC:  4    Str: 15    XL:     4   Next: 76%
Magic:  4/4        EV: 13    Int: 10    God:
Gold:   168        SH:  0    Dex: 16    Spells: 3/3 levels left

rFire    . . .     SeeInvis .   a - +0 hand axe
rCold    . . .     Gourm    .   (no shield)
rNeg     . . .     Faith    .   l - +0 leather armour
rPois    .         Spirit   .   m - +0 helmet
rElec    .         Reflect  .   (no cloak)
rCorr    .         Harm     .   (no gloves)
MR       .....                  (no boots)
Stlth    ++........             (no amulet)
Regen    0.0/turn               (no ring)
MPRegen  0.1/turn               (no ring)

@: non-regenerating
A: damage resistance, heal wounds, sense surroundings 1, no regeneration
a: Heal Wounds


You were on level 3 of the Dungeon.
You were not hungry.

You visited 1 branch of the dungeon, and saw 3 of its levels.

You collected 168 gold pieces.

Inventory:

Hand Weapons
 a - a +0 hand axe (weapon)
Missiles
 g - a javelin (quivered)
Armour
 b - a +0 robe
 k - a +0 buckler
 l - a +0 leather armour (worn)
 m - a +0 helmet (worn)
Scrolls
 e - a scroll of recharging {unknown}
 f - 2 scrolls of immolation {unknown}
 h - a scroll of blinking {unknown}
 j - a scroll of identify {unknown}
 n - a scroll of teleportation {unknown}
 o - a scroll of noise {unknown}
 p - a scroll of amnesia {unknown}
Comestibles
 c - 3 bread rations
 d - 5 meat rations
 i - 4 fruits


   Skills:
 - Level 2.6 Fighting
 + Level 6.1 Axes
 - Level 3.2 Dodging
 - Level 2.4 Stealth


You had 3 spell levels left.
You didn't know any spells.

Dungeon Overview and Level Annotations

Branches:
Dungeon (3/15)

Altars:

Annotations:
D:2 Sigmund


Innate Abilities, Weirdness & Mutations

You are resistant to damage.
You can heal yourself by infusing magical energy.
You passively map a small area around you.
You do not regenerate.


Message History

Found 12 gold pieces.
p - a scroll labeled EDIXEERROVA An orc comes into view.
It is wielding a trident.
The orc shouts!
An orc is nearby!
Throwing (i - inventory):
g - 3 javelins (quivered)
Press: ? - help, Shift-Dir - straight line, f - orc
Aim: an orc, wielding a trident You throw a javelin.
The javelin closely misses the orc.
An orc priest comes into view. It is wielding a falchion.
Throwing (i - inventory):
g - 2 javelins (quivered)
Press: ? - help, Shift-Dir - straight line, f/p - orc
Aim: an orc, wielding a trident You throw a javelin.
The orc priest shouts!
The javelin hits the orc!
You kill the orc!
The orc priest calls down the wrath of Beogh upon you.
Beogh smites you!
You die...

* #.# * * #.#
####†########### ,,
#..............#
.#.......)......#
....................#
...?................#
...?................#
,...............@....#
.................(..#
.....#.$..........$.#
..%..#..............#
#..............#
#...........(..#
.............#
..........ooh , * ,


You could see a hound (wandering), an orc priest and an orc (wandering).

Vanquished Creatures
  Robin (D:2)
  5 adders (D:2)
  An ooze (D:1)
  A worm (D:2)
  2 dart slugs (D:1)
  A leopard gecko (D:2)
  An orc (D:3)
  8 bats
  9 goblins
  7 hobgoblins
  3 jackals (D:3)
  7 kobolds
  2 frilled lizards (D:2)
  6 rats
54 creatures vanquished.

Notes
Turn   | Place    | Note
-------+----------+-------------------------------------------
     0 | D:1      | Irenicus the Deep Dwarf Monk began the quest for the Orb.
     0 | D:1      | Reached XP level 1. HP: 20/20 MP: 1/1
   328 | D:1      | Reached skill level 4 in Axes
   328 | D:1      | Reached XP level 2. HP: 21/27 MP: 2/2
  1049 | D:2      | Reached XP level 3. HP: 9/33 MP: 3/3
  1068 | D:2      | Noticed Sigmund
  1099 | D:2      | Noticed Robin
  1130 | D:2      | Killed Robin
  1130 | D:2      | Reached skill level 5 in Axes
  1181 | D:2      | Reached XP level 4. HP: 11/40 MP: 4/4
  1496 | D:2      | Reached skill level 6 in Axes
  1659 | D:3      | Killed from afar by an orc priest

Skill      XL: |  1  2  3  4 |
---------------+-------------+-----
Axes           | 4 5 6 |  6.1
Fighting       | |  2.6
Dodging        | |  3.2
Stealth        | |  2.4

Action                   |  1- 3 |  4- 6 || total
-------------------------+-------+-------++-------
Melee: Hand axe          |   136 |    90 ||   226
Throw: Javelin           |     6 |     3 ||     9
 Abil: Heal Wounds       |     1 |       ||     1
  Use: Potion            |     2 |     1 ||     3
 Stab: Sleeping          |     4 |     1 ||     5
  Eat: Chunk             |     1 |     2 ||     3
Armor: Robe              |    21 |       ||    21
       Leather armour    |    14 |    28 ||    42
Dodge: Dodged            |   101 |    61 ||   162
